[ PARTIDA AOE2 · #470839306 ]
UnrankedJaponeses vs Burmese
[ ANÁLISIS DE REPETICIÓN · EXTRAÍDO DE LA PARTIDA GRABADA ]
Feudal
11:34
Castillos
15:09
Imperial
29:32
| APM promedio | 29.8 |
| APM pico | 67 |
| eAPM promedio | 20.8 |
| Aldeanos / militares | 182 / 335 |
Foco
⚔️ 31.1% · 🌾 68.9%
Spearman ×250 · Militia ×76 · Trade Cart ×18 · Trebuchet (Packed) ×8 · Monk ×1
Feudal
11:36
Castillos
15:33
Imperial
31:47
| APM promedio | 45.1 |
| APM pico | 87 |
| eAPM promedio | 21.4 |
| Aldeanos / militares | 151 / 151 |
Foco
⚔️ 35.2% · 🌾 64.8%
Battle Elephant ×94 · Scorpion ×43 · Bombard Cannon ×12 · Monk ×1 · Scout Cavalry ×1
Feudal
12:13
Castillos
15:59
Imperial
31:26
| APM promedio | 22.2 |
| APM pico | 51 |
| eAPM promedio | 11.9 |
| Aldeanos / militares | 141 / 124 |
Foco
⚔️ 19.6% · 🌾 80.4%
Mameluke ×118 · Trade Cart ×10 · Trebuchet (Packed) ×5 · Monk ×1
Feudal
12:23
Castillos
17:21
Imperial
30:33
| APM promedio | 52.2 |
| APM pico | 118 |
| eAPM promedio | 38.4 |
| Aldeanos / militares | 159 / 205 |
Foco
⚔️ 37.1% · 🌾 62.9%
Scout Cavalry ×96 · Janissary ×88 · Bombard Cannon ×17 · Trebuchet (Packed) ×3 · Monk ×1
Feudal
10:09
Castillos
13:57
Imperial
30:40
| APM promedio | 37.8 |
| APM pico | 89 |
| eAPM promedio | 22.3 |
| Aldeanos / militares | 156 / 324 |
Foco
⚔️ 25.6% · 🌾 74.4%
Spearman ×248 · Scorpion ×48 · Trade Cart ×18 · Battering Ram ×12 · Mangonel ×11 · Trebuchet (Packed) ×4
Feudal
11:44
Castillos
17:19
Imperial
30:43
| APM promedio | 30.8 |
| APM pico | 107 |
| eAPM promedio | 24.9 |
| Aldeanos / militares | 187 / 106 |
Foco
⚔️ 23.8% · 🌾 76.2%
Boyar ×56 · Scout Cavalry ×41 · Trade Cart ×11 · Mangonel ×8 · Monk ×1
Feudal
11:21
Castillos
16:34
Imperial
34:06
| APM promedio | 29.3 |
| APM pico | 69 |
| eAPM promedio | 19.2 |
| Aldeanos / militares | 167 / 284 |
Foco
⚔️ 36.6% · 🌾 63.4%
Scout Cavalry ×192 · Throwing Axeman ×84 · Trebuchet (Packed) ×7 · Monk ×1
Feudal
13:21
Castillos
20:55
Imperial
33:42
| APM promedio | 28.8 |
| APM pico | 82 |
| eAPM promedio | 22.1 |
| Aldeanos / militares | 177 / 469 |
Foco
⚔️ 39.4% · 🌾 60.6%
Skirmisher ×320 · Spearman ×134 · Trade Cart ×15 · Bombard Cannon ×8 · Trebuchet (Packed) ×7
Mapa de la partida
Recursos iniciales + cada clic de construcción. Líneas = muros · curvas = relieve. ◆ oro · ⬟ piedra · ● bayas · ✦ reliquia · ◌ hueco del cierre
Inputs por minuto
— elti - - Gowron
Build order — elti
Primeras 150 de 450 acciones detectadas
| 0:02 | Crear | Villager (Male) ×4 |
| 0:07 | Construir | House |
| 0:11 | Construir | House |
| 1:35 | Crear | Villager (Male) |
| 1:58 | Construir | Lumber Camp |
| 2:02 | Crear | Villager (Male) |
| 2:26 | Crear | Villager (Male) |
| 2:26 | Crear | Villager (Male) |
| 2:52 | Crear | Villager (Male) |
| 2:53 | Crear | Villager (Male) |
| 3:15 | Crear | Villager (Male) |
| 3:16 | Crear | Villager (Male) |
| 3:33 | Construir | House |
| 3:42 | Crear | Villager (Male) |
| 3:42 | Crear | Villager (Male) |
| 4:19 | Crear | Villager (Male) |
| 4:19 | Crear | Villager (Male) |
| 4:23 | Construir | Mill |
| 4:40 | Crear | Villager (Male) |
| 4:41 | Crear | Villager (Male) |
| 5:05 | Crear | Villager (Male) |
| 5:05 | Crear | Villager (Male) |
| 5:16 | Crear | Villager (Male) |
| 5:36 | Crear | Villager (Male) |
| 5:36 | Crear | Villager (Male) |
| 6:05 | Crear | Villager (Male) ×2 |
| 6:05 | Crear | Villager (Male) ×2 |
| 6:16 | Construir | House |
| 6:27 | Investigar | Loom |
| 6:38 | Crear | Villager (Male) ×2 |
| 7:26 | Construir | House |
| 7:57 | Crear | Villager (Male) |
| 8:34 | Crear | Villager (Male) |
| 8:34 | Crear | Villager (Male) |
| 8:39 | Construir | Mining Camp |
| 8:59 | Investigar | Feudal Age |
| 10:38 | Crear | Villager (Male) |
| 10:38 | Crear | Villager (Male) |
| 11:34 | Edad | Edad Feudal |
| 11:37 | Construir | Market |
| 11:44 | Construir | Blacksmith |
| 12:11 | Construir | Lumber Camp |
| 12:25 | Investigar | Double-Bit Axe |
| 12:29 | Investigar | Castle Age |
| 12:29 | Investigar | Castle Age |
| 13:44 | Investigar | Horse Collar |
| 14:56 | Crear | Villager (Male) |
| 15:09 | Edad | Edad de los Castillos |
| 15:12 | Construir | Town Center |
| 15:18 | Construir | Town Center |
| 15:20 | Investigar | Bow Saw |
| 15:26 | Crear | Villager (Male) |
| 15:59 | Construir | Farm |
| 16:00 | Construir | Farm |
| 16:06 | Crear | Villager (Male) |
| 16:10 | Construir | Farm |
| 16:11 | Construir | Farm |
| 16:11 | Construir | Farm |
| 16:11 | Construir | Farm |
| 16:11 | Construir | Farm |
| 16:29 | Crear | Villager (Male) |
| 16:32 | Crear | Villager (Male) |
| 16:32 | Crear | Villager (Male) |
| 16:50 | Crear | Villager (Male) |
| 16:50 | Crear | Villager (Male) |
| 16:57 | Construir | Farm |
| 16:58 | Construir | Farm |
| 16:59 | Construir | Farm |
| 17:03 | Crear | Villager (Male) ×2 |
| 17:03 | Crear | Villager (Male) ×2 |
| 17:12 | Construir | Farm |
| 17:12 | Construir | Farm |
| 17:13 | Construir | Farm |
| 17:13 | Construir | Farm |
| 17:13 | Construir | Farm |
| 17:13 | Construir | Farm |
| 17:16 | Crear | Villager (Male) |
| 17:16 | Crear | Villager (Male) |
| 17:26 | Construir | Farm |
| 17:31 | Construir | Farm |
| 17:44 | Construir | Farm |
| 17:54 | Crear | Villager (Male) |
| 17:54 | Crear | Villager (Male) |
| 18:00 | Construir | Farm |
| 18:04 | Construir | House |
| 18:08 | Crear | Villager (Male) |
| 18:08 | Crear | Villager (Male) |
| 18:18 | Construir | Farm |
| 18:20 | Crear | Villager (Male) ×2 |
| 18:26 | Construir | Farm |
| 18:30 | Construir | Farm |
| 18:38 | Construir | House |
| 18:39 | Crear | Villager (Male) ×4 |
| 18:39 | Crear | Villager (Male) ×4 |
| 18:45 | Crear | Villager (Male) ×2 |
| 18:46 | Crear | Villager (Male) ×2 |
| 18:51 | Construir | Farm |
| 19:00 | Crear | Villager (Male) |
| 19:00 | Crear | Villager (Male) |
| 19:00 | Crear | Villager (Male) |
| 19:06 | Construir | Farm |
| 19:13 | Construir | House |
| 19:23 | Crear | Villager (Male) ×5 |
| 19:23 | Crear | Villager (Male) ×5 |
| 19:31 | Construir | Farm |
| 19:37 | Construir | Farm |
| 19:45 | Construir | House |
| 19:47 | Crear | Villager (Male) |
| 19:47 | Crear | Villager (Male) |
| 19:47 | Crear | Villager (Male) |
| 19:57 | Crear | Villager (Male) |
| 19:57 | Crear | Villager (Male) |
| 20:07 | Crear | Villager (Male) |
| 20:20 | Construir | Town Center |
| 20:25 | Construir | House |
| 20:27 | Crear | Villager (Male) |
| 20:27 | Crear | Villager (Male) |
| 20:32 | Investigar | Wheelbarrow |
| 20:41 | Investigar | Heavy Plow |
| 20:54 | Crear | Villager (Male) |
| 20:54 | Crear | Villager (Male) |
| 21:01 | Construir | House |
| 21:03 | Construir | House |
| 21:06 | Crear | Villager (Male) |
| 21:07 | Crear | Villager (Male) |
| 21:13 | Construir | Farm |
| 21:14 | Construir | Farm |
| 21:15 | Construir | Farm |
| 21:18 | Crear | Villager (Male) |
| 21:32 | Construir | Lumber Camp |
| 21:37 | Crear | Villager (Male) |
| 21:37 | Crear | Villager (Male) |
| 21:43 | Crear | Villager (Male) |
| 21:43 | Crear | Villager (Male) |
| 21:44 | Crear | Villager (Male) |
| 21:49 | Construir | House |
| 21:57 | Construir | Farm |
| 22:02 | Construir | Farm |
| 22:12 | Crear | Villager (Male) |
| 22:13 | Crear | Villager (Male) |
| 22:22 | Investigar | Gold Mining |
| 22:28 | Crear | Villager (Male) |
| 22:28 | Crear | Villager (Male) |
| 22:36 | Construir | Farm |
| 22:36 | Construir | Farm |
| 22:37 | Construir | Farm |
| 22:37 | Construir | Farm |
| 22:37 | Construir | Farm |
| 22:37 | Construir | Farm |
| 22:43 | Construir | Mill |
Build order — Gowron
Primeras 150 de 398 acciones detectadas
| 0:02 | Crear | Villager (Male) |
| 0:02 | Crear | Villager (Male) |
| 0:02 | Crear | Villager (Male) |
| 0:03 | Crear | Villager (Male) |
| 0:03 | Crear | Villager (Male) |
| 0:05 | Construir | House |
| 0:07 | Construir | House |
| 1:37 | Crear | Villager (Male) |
| 1:51 | Construir | Lumber Camp |
| 2:15 | Crear | Villager (Male) |
| 2:39 | Crear | Villager (Male) |
| 3:04 | Construir | House |
| 3:09 | Crear | Villager (Male) |
| 3:24 | Crear | Villager (Male) |
| 3:41 | Construir | House |
| 3:53 | Crear | Villager (Male) |
| 4:25 | Construir | House |
| 4:33 | Crear | Villager (Male) |
| 4:35 | Crear | Villager (Male) |
| 5:10 | Crear | Villager (Male) |
| 5:26 | Construir | Palisade Wall |
| 6:11 | Crear | Villager (Male) |
| 6:11 | Crear | Villager (Male) |
| 6:12 | Crear | Villager (Male) |
| 6:12 | Crear | Villager (Male) |
| 6:12 | Crear | Villager (Male) |
| 6:12 | Crear | Villager (Male) |
| 6:13 | Crear | Villager (Male) |
| 6:18 | Construir | Mill |
| 6:35 | Crear | Villager (Male) |
| 7:06 | Crear | Villager (Male) |
| 7:19 | Crear | Villager (Male) |
| 7:53 | Construir | House |
| 7:58 | Crear | Villager (Male) |
| 8:29 | Construir | Mining Camp |
| 8:41 | Construir | House |
| 9:01 | Crear | Villager (Male) |
| 9:01 | Crear | Villager (Male) |
| 9:08 | Investigar | Feudal Age |
| 10:04 | Crear | Villager (Male) |
| 10:04 | Crear | Villager (Male) |
| 11:36 | Edad | Edad Feudal |
| 11:38 | Crear | Villager (Male) |
| 11:38 | Crear | Villager (Male) |
| 11:46 | Construir | Market |
| 11:52 | Construir | Blacksmith |
| 12:44 | Construir | Stone Wall |
| 12:53 | Investigar | Castle Age |
| 13:28 | Crear | Villager (Male) |
| 14:31 | Investigar | Horse Collar |
| 14:31 | Investigar | Horse Collar |
| 15:11 | Construir | Outpost |
| 15:33 | Edad | Edad de los Castillos |
| 15:36 | Crear | Villager (Male) |
| 15:41 | Construir | Town Center |
| 15:44 | Construir | Town Center |
| 16:03 | Construir | Outpost |
| 16:04 | Crear | Villager (Male) |
| 16:19 | Investigar | Heavy Plow |
| 16:19 | Investigar | Heavy Plow |
| 16:19 | Crear | Villager (Male) |
| 16:29 | Crear | Villager (Male) |
| 16:44 | Construir | House |
| 16:46 | Crear | Villager (Male) |
| 16:53 | Construir | Farm |
| 17:08 | Construir | Farm |
| 17:09 | Crear | Villager (Male) |
| 17:14 | Crear | Villager (Male) |
| 17:20 | Construir | Farm |
| 17:20 | Crear | Villager (Male) |
| 17:20 | Crear | Villager (Male) |
| 17:31 | Crear | Villager (Male) |
| 17:38 | Construir | Farm |
| 17:39 | Crear | Villager (Male) |
| 17:43 | Crear | Villager (Male) |
| 17:46 | Construir | Farm |
| 17:47 | Crear | Villager (Male) |
| 17:47 | Crear | Villager (Male) |
| 17:50 | Construir | Farm |
| 17:54 | Construir | Farm |
| 17:56 | Crear | Villager (Male) |
| 18:02 | Construir | Farm |
| 18:07 | Construir | Farm |
| 18:15 | Construir | Farm |
| 18:18 | Crear | Villager (Male) |
| 18:33 | Construir | Farm |
| 18:35 | Crear | Villager (Male) |
| 18:44 | Crear | Villager (Male) |
| 18:44 | Crear | Villager (Male) |
| 18:49 | Construir | Farm |
| 18:56 | Construir | Farm |
| 19:00 | Construir | Farm |
| 19:06 | Crear | Villager (Male) |
| 19:06 | Crear | Villager (Male) |
| 19:15 | Construir | Town Center |
| 19:16 | Crear | Villager (Male) |
| 19:20 | Construir | House |
| 19:21 | Crear | Villager (Male) |
| 19:32 | Construir | House |
| 19:35 | Construir | House |
| 19:40 | Crear | Villager (Male) |
| 19:44 | Crear | Villager (Male) |
| 19:44 | Crear | Villager (Male) |
| 19:47 | Construir | Monastery |
| 20:00 | Crear | Villager (Male) |
| 20:00 | Crear | Villager (Male) |
| 20:12 | Crear | Villager (Male) |
| 20:20 | Construir | Farm |
| 20:21 | Crear | Villager (Male) |
| 20:23 | Construir | Farm |
| 20:30 | Construir | House |
| 20:31 | Construir | House |
| 20:35 | Construir | House |
| 20:36 | Crear | Villager (Male) |
| 20:43 | Construir | Farm |
| 20:43 | Crear | Villager (Male) |
| 20:49 | Crear | Villager (Male) |
| 21:09 | Construir | Town Center |
| 21:10 | Crear | Villager (Male) |
| 21:10 | Crear | Villager (Male) |
| 21:19 | Construir | House |
| 21:20 | Construir | House |
| 21:22 | Construir | House |
| 21:22 | Crear | Villager (Male) |
| 21:26 | Crear | Villager (Male) |
| 21:26 | Crear | Villager (Male) |
| 21:31 | Construir | Farm |
| 21:35 | Crear | Villager (Male) |
| 21:36 | Crear | Villager (Male) |
| 21:46 | Crear | Villager (Male) |
| 21:48 | Crear | Villager (Male) |
| 22:01 | Crear | Villager (Male) |
| 22:12 | Construir | Farm |
| 22:13 | Crear | Villager (Male) |
| 22:16 | Crear | Villager (Male) |
| 22:22 | Crear | Villager (Male) |
| 22:23 | Crear | Villager (Male) |
| 22:37 | Crear | Monk |
| 22:38 | Crear | Villager (Male) |
| 22:45 | Crear | Villager (Male) |
| 22:49 | Crear | Villager (Male) |
| 22:57 | Construir | Farm |
| 23:02 | Construir | Barracks |
| 23:02 | Crear | Villager (Male) |
| 23:10 | Construir | Barracks |
| 23:11 | Crear | Villager (Male) |
| 23:14 | Crear | Villager (Male) |
| 23:14 | Crear | Villager (Male) |
| 23:21 | Crear | Villager (Male) |
| 23:26 | Construir | Farm |
Build order — Gockelfick
Primeras 150 de 273 acciones detectadas
| 0:02 | Construir | House |
| 0:04 | Construir | House |
| 0:05 | Crear | Villager (Male) |
| 0:06 | Crear | Villager (Male) |
| 0:06 | Crear | Villager (Male) |
| 0:06 | Crear | Villager (Male) |
| 0:06 | Crear | Villager (Male) |
| 1:26 | Crear | Villager (Male) |
| 1:26 | Crear | Villager (Male) |
| 1:58 | Construir | Lumber Camp |
| 2:15 | Crear | Villager (Male) |
| 2:47 | Crear | Villager (Male) |
| 2:47 | Crear | Villager (Male) |
| 3:12 | Crear | Villager (Male) |
| 3:13 | Crear | Villager (Male) |
| 3:13 | Crear | Villager (Male) |
| 3:41 | Crear | Villager (Male) |
| 3:43 | Construir | House |
| 4:06 | Crear | Villager (Male) |
| 4:06 | Crear | Villager (Male) |
| 4:46 | Crear | Villager (Male) |
| 5:26 | Crear | Villager (Male) |
| 5:26 | Crear | Villager (Male) |
| 5:55 | Crear | Villager (Male) |
| 5:55 | Crear | Villager (Male) |
| 5:55 | Crear | Villager (Male) |
| 6:02 | Construir | Mill |
| 7:08 | Crear | Villager (Male) |
| 7:08 | Crear | Villager (Male) |
| 7:23 | Crear | Villager (Male) |
| 7:23 | Crear | Villager (Male) |
| 7:27 | Construir | House |
| 7:40 | Crear | Villager (Male) |
| 7:40 | Crear | Villager (Male) |
| 7:40 | Crear | Villager (Male) |
| 9:04 | Construir | Mill |
| 9:25 | Investigar | Feudal Age |
| 10:12 | Construir | House |
| 11:28 | Crear | Villager (Male) |
| 11:28 | Crear | Villager (Male) |
| 12:13 | Edad | Edad Feudal |
| 12:16 | Construir | Blacksmith |
| 12:24 | Construir | Market |
| 12:41 | Investigar | Double-Bit Axe |
| 12:43 | Investigar | Horse Collar |
| 13:19 | Investigar | Castle Age |
| 13:33 | Construir | House |
| 13:36 | Construir | House |
| 13:37 | Construir | House |
| 13:38 | Construir | House |
| 13:39 | Construir | House |
| 13:40 | Construir | House |
| 13:41 | Construir | House |
| 13:42 | Construir | House |
| 14:26 | Crear | Villager (Male) |
| 14:26 | Crear | Villager (Male) |
| 15:59 | Edad | Edad de los Castillos |
| 16:05 | Construir | Town Center |
| 16:13 | Construir | Town Center |
| 16:24 | Investigar | Bow Saw |
| 16:26 | Investigar | Heavy Plow |
| 16:50 | Construir | Farm |
| 16:50 | Construir | Farm |
| 16:51 | Construir | Farm |
| 16:51 | Construir | Farm |
| 16:51 | Construir | Farm |
| 17:10 | Crear | Villager (Male) |
| 17:16 | Construir | Farm |
| 17:27 | Construir | Farm |
| 17:36 | Construir | Farm |
| 17:42 | Construir | Farm |
| 17:46 | Construir | Farm |
| 17:50 | Crear | Villager (Male) ×4 |
| 18:00 | Construir | Farm |
| 18:02 | Construir | Farm |
| 18:05 | Construir | Farm |
| 18:09 | Construir | Farm |
| 18:10 | Crear | Villager (Male) |
| 18:16 | Construir | Farm |
| 18:20 | Construir | Farm |
| 18:23 | Crear | Villager (Male) |
| 18:27 | Construir | Farm |
| 18:31 | Construir | Farm |
| 18:36 | Construir | Farm |
| 18:40 | Crear | Villager (Male) |
| 18:45 | Construir | Farm |
| 18:50 | Construir | Farm |
| 18:53 | Crear | Villager (Male) |
| 18:57 | Crear | Villager (Male) |
| 18:57 | Crear | Villager (Male) |
| 19:02 | Construir | Farm |
| 19:08 | Construir | Farm |
| 19:11 | Crear | Villager (Male) |
| 19:17 | Construir | Farm |
| 19:19 | Crear | Villager (Male) |
| 19:27 | Construir | Farm |
| 19:31 | Crear | Villager (Male) |
| 19:34 | Construir | Farm |
| 19:38 | Crear | Villager (Male) |
| 19:52 | Construir | Farm |
| 19:52 | Construir | Farm |
| 19:52 | Construir | Farm |
| 19:53 | Construir | Farm |
| 19:53 | Construir | Farm |
| 19:56 | Crear | Villager (Male) ×2 |
| 20:02 | Crear | Villager (Male) |
| 20:05 | Crear | Villager (Male) |
| 20:06 | Crear | Villager (Male) |
| 20:15 | Crear | Villager (Male) |
| 20:15 | Crear | Villager (Male) |
| 20:21 | Crear | Villager (Male) |
| 20:25 | Crear | Villager (Male) |
| 20:37 | Construir | Mining Camp |
| 20:38 | Crear | Villager (Male) ×2 |
| 20:49 | Crear | Villager (Male) |
| 20:55 | Crear | Villager (Male) |
| 21:09 | Investigar | Wheelbarrow |
| 21:09 | Investigar | Wheelbarrow |
| 21:19 | Crear | Villager (Male) |
| 21:26 | Crear | Villager (Male) |
| 21:32 | Investigar | Stone Mining |
| 21:41 | Construir | Farm |
| 21:44 | Construir | Farm |
| 21:47 | Construir | Farm |
| 21:57 | Construir | Farm |
| 21:58 | Crear | Villager (Male) ×5 |
| 22:06 | Investigar | Gold Mining |
| 22:15 | Construir | Mining Camp |
| 22:19 | Crear | Villager (Male) ×2 |
| 22:37 | Construir | Lumber Camp |
| 22:41 | Investigar | Gold Shaft Mining |
| 23:01 | Construir | Mining Camp |
| 23:02 | Crear | Villager (Male) ×5 |
| 23:24 | Crear | Villager (Male) ×5 |
| 23:33 | Construir | Monastery |
| 23:43 | Construir | University |
| 23:51 | Crear | Villager (Male) ×5 |
| 24:18 | Crear | Villager (Male) ×5 |
| 24:20 | Crear | Monk |
| 24:28 | Construir | House |
| 24:31 | Construir | House |
| 24:32 | Construir | House |
| 24:35 | Construir | House |
| 24:38 | Construir | House |
| 24:41 | Construir | House |
| 24:50 | Construir | House |
| 24:54 | Construir | House |
| 24:56 | Construir | House |
| 24:58 | Construir | House |
| 25:12 | Investigar | Hand Cart |
Build order — Kenaidian
Primeras 150 de 549 acciones detectadas
| 0:00 | Crear | Villager (Male) |
| 0:00 | Crear | Villager (Male) |
| 0:03 | Construir | House |
| 0:05 | Construir | House |
| 0:07 | Crear | Villager (Male) |
| 0:07 | Crear | Villager (Male) |
| 0:35 | Investigar | Loom |
| 0:52 | Crear | Villager (Male) |
| 0:52 | Crear | Villager (Male) |
| 0:52 | Crear | Villager (Male) |
| 1:32 | Construir | Palisade Wall |
| 1:40 | Crear | Villager (Male) |
| 1:40 | Crear | Villager (Male) |
| 1:45 | Construir | Palisade Wall |
| 2:34 | Crear | Villager (Male) |
| 2:34 | Crear | Villager (Male) |
| 2:45 | Construir | Palisade Wall |
| 3:20 | Crear | Villager (Male) |
| 3:20 | Crear | Villager (Male) |
| 3:20 | Crear | Villager (Male) |
| 3:49 | Crear | Villager (Male) |
| 4:10 | Crear | Villager (Male) |
| 4:13 | Construir | House |
| 5:11 | Crear | Villager (Male) |
| 5:12 | Crear | Villager (Male) |
| 5:12 | Crear | Villager (Male) |
| 5:36 | Crear | Villager (Male) |
| 5:36 | Crear | Villager (Male) |
| 5:37 | Crear | Villager (Male) |
| 5:37 | Crear | Villager (Male) |
| 5:53 | Construir | Palisade Wall |
| 5:57 | Crear | Villager (Male) |
| 5:57 | Crear | Villager (Male) |
| 6:10 | Construir | Palisade Wall |
| 6:38 | Construir | Lumber Camp |
| 6:54 | Crear | Villager (Male) |
| 7:22 | Construir | House |
| 8:08 | Crear | Villager (Male) |
| 8:08 | Crear | Villager (Male) |
| 8:13 | Construir | Mill |
| 8:43 | Crear | Villager (Male) |
| 9:03 | Crear | Villager (Male) |
| 9:37 | Crear | Villager (Male) |
| 9:38 | Crear | Villager (Male) |
| 9:48 | Construir | Mining Camp |
| 10:04 | Investigar | Feudal Age |
| 10:32 | Construir | Mining Camp |
| 11:20 | Crear | Villager (Male) |
| 11:20 | Crear | Villager (Male) |
| 12:07 | Construir | House |
| 12:21 | Crear | Villager (Male) |
| 12:23 | Edad | Edad Feudal |
| 12:32 | Construir | Stone Wall |
| 12:38 | Construir | Stone Wall |
| 12:45 | Crear | Villager (Male) |
| 12:48 | Construir | Market |
| 13:01 | Construir | Stone Wall |
| 13:03 | Crear | Villager (Male) |
| 13:03 | Crear | Villager (Male) |
| 13:34 | Crear | Villager (Male) |
| 13:55 | Construir | Blacksmith |
| 14:11 | Crear | Villager (Male) |
| 14:23 | Crear | Villager (Male) |
| 14:41 | Investigar | Castle Age |
| 14:43 | Construir | House |
| 14:58 | Construir | Stone Wall |
| 14:59 | Construir | Stone Wall |
| 15:18 | Investigar | Double-Bit Axe |
| 15:52 | Construir | House |
| 16:04 | Crear | Villager (Male) |
| 16:28 | Construir | Farm |
| 16:29 | Investigar | Horse Collar |
| 16:32 | Construir | Farm |
| 16:34 | Construir | Farm |
| 17:06 | Construir | Farm |
| 17:11 | Crear | Villager (Male) |
| 17:21 | Edad | Edad de los Castillos |
| 17:23 | Construir | Town Center |
| 17:36 | Construir | Town Center |
| 17:50 | Construir | Outpost |
| 17:51 | Crear | Villager (Male) |
| 17:51 | Crear | Villager (Male) |
| 18:00 | Crear | Villager (Male) |
| 18:15 | Crear | Villager (Male) |
| 18:21 | Construir | Farm |
| 18:26 | Construir | Farm |
| 18:28 | Crear | Villager (Male) |
| 18:42 | Construir | House |
| 18:48 | Crear | Villager (Male) |
| 18:48 | Crear | Villager (Male) |
| 19:10 | Construir | Farm |
| 19:14 | Crear | Villager (Male) |
| 19:26 | Crear | Villager (Male) |
| 19:33 | Crear | Villager (Male) |
| 19:58 | Crear | Villager (Male) |
| 19:59 | Crear | Villager (Male) |
| 19:59 | Crear | Villager (Male) |
| 20:03 | Crear | Villager (Male) |
| 20:04 | Crear | Villager (Male) |
| 20:04 | Crear | Villager (Male) |
| 20:20 | Construir | Monastery |
| 20:22 | Construir | Farm |
| 20:23 | Crear | Villager (Male) |
| 20:23 | Crear | Villager (Male) |
| 20:25 | Construir | Farm |
| 20:28 | Crear | Villager (Male) |
| 20:28 | Crear | Villager (Male) |
| 20:35 | Crear | Villager (Male) |
| 20:37 | Construir | Farm |
| 20:50 | Construir | Farm |
| 20:52 | Crear | Villager (Male) |
| 20:52 | Crear | Villager (Male) |
| 21:01 | Construir | Farm |
| 21:08 | Crear | Villager (Male) |
| 21:08 | Crear | Villager (Male) |
| 21:09 | Crear | Villager (Male) |
| 21:12 | Crear | Villager (Male) |
| 21:15 | Crear | Villager (Male) |
| 21:18 | Crear | Villager (Male) |
| 21:27 | Construir | Town Center |
| 21:35 | Crear | Villager (Male) |
| 21:35 | Crear | Villager (Male) |
| 21:40 | Construir | Farm |
| 21:45 | Construir | Farm |
| 21:51 | Investigar | Bow Saw |
| 21:56 | Crear | Villager (Male) |
| 21:56 | Crear | Villager (Male) |
| 21:57 | Crear | Villager (Male) |
| 21:57 | Crear | Villager (Male) |
| 22:08 | Construir | House |
| 22:15 | Crear | Villager (Male) |
| 22:15 | Crear | Villager (Male) |
| 22:16 | Crear | Villager (Male) |
| 22:22 | Investigar | Wheelbarrow |
| 22:25 | Investigar | Town Watch |
| 22:26 | Investigar | Bow Saw |
| 22:40 | Crear | Villager (Male) |
| 22:41 | Crear | Villager (Male) |
| 22:44 | Construir | Farm |
| 22:46 | Construir | House |
| 22:52 | Crear | Villager (Male) |
| 22:53 | Crear | Villager (Male) |
| 23:00 | Crear | Villager (Male) |
| 23:04 | Construir | Castle |
| 23:08 | Crear | Villager (Male) |
| 23:09 | Crear | Villager (Male) |
| 23:15 | Crear | Villager (Male) |
| 23:15 | Crear | Villager (Male) |
| 23:17 | Crear | Monk |
| 23:19 | Crear | Villager (Male) |
Build order — Rado the Yellow
Primeras 150 de 483 acciones detectadas
| 0:03 | Crear | Villager (Male) ×4 |
| 0:04 | Construir | House |
| 0:05 | Construir | House |
| 1:30 | Crear | Villager (Male) |
| 1:48 | Construir | Lumber Camp |
| 2:09 | Crear | Villager (Male) |
| 2:44 | Crear | Villager (Male) |
| 3:02 | Crear | Villager (Male) |
| 3:18 | Crear | Villager (Male) |
| 3:53 | Crear | Villager (Male) |
| 4:03 | Construir | House |
| 4:21 | Crear | Villager (Male) |
| 4:21 | Crear | Villager (Male) |
| 4:57 | Construir | Mill |
| 5:29 | Crear | Villager (Male) |
| 5:29 | Crear | Villager (Male) |
| 5:30 | Crear | Villager (Male) |
| 5:30 | Crear | Villager (Male) |
| 6:01 | Construir | House |
| 6:54 | Crear | Villager (Male) |
| 6:54 | Investigar | Loom |
| 7:12 | Construir | Mining Camp |
| 7:48 | Investigar | Feudal Age |
| 9:44 | Crear | Villager (Male) |
| 9:44 | Crear | Villager (Male) |
| 10:09 | Edad | Edad Feudal |
| 10:11 | Construir | Blacksmith |
| 10:12 | Construir | Market |
| 11:03 | Crear | Villager (Male) |
| 11:17 | Investigar | Castle Age |
| 12:14 | Construir | House |
| 13:21 | Crear | Villager (Male) |
| 13:22 | Crear | Villager (Male) |
| 13:48 | Investigar | Double-Bit Axe |
| 13:48 | Investigar | Horse Collar |
| 13:57 | Edad | Edad de los Castillos |
| 14:00 | Construir | Town Center |
| 14:26 | Investigar | Heavy Plow |
| 14:32 | Investigar | Bow Saw |
| 14:36 | Crear | Villager (Male) |
| 14:37 | Crear | Villager (Male) |
| 15:04 | Crear | Villager (Male) |
| 15:05 | Crear | Villager (Male) |
| 15:20 | Crear | Villager (Male) |
| 15:51 | Crear | Villager (Male) |
| 15:52 | Crear | Villager (Male) |
| 15:56 | Construir | Town Center |
| 16:06 | Construir | Farm |
| 16:11 | Construir | Farm |
| 16:16 | Construir | Farm |
| 16:25 | Construir | Farm |
| 16:29 | Crear | Villager (Male) |
| 16:30 | Crear | Villager (Male) |
| 16:38 | Construir | Farm |
| 16:45 | Construir | Farm |
| 16:47 | Crear | Villager (Male) |
| 16:59 | Construir | Farm |
| 17:02 | Construir | Farm |
| 17:11 | Crear | Villager (Male) |
| 17:18 | Construir | Farm |
| 17:21 | Construir | Farm |
| 17:27 | Crear | Villager (Male) |
| 17:30 | Construir | Farm |
| 17:33 | Construir | Farm |
| 17:38 | Crear | Villager (Male) |
| 17:40 | Construir | Farm |
| 17:45 | Construir | Farm |
| 17:51 | Crear | Villager (Male) |
| 18:04 | Construir | Farm |
| 18:07 | Construir | Farm |
| 18:08 | Construir | Farm |
| 18:14 | Crear | Villager (Male) |
| 18:19 | Construir | House |
| 18:21 | Crear | Villager (Male) |
| 18:28 | Crear | Villager (Male) |
| 18:30 | Construir | House |
| 18:31 | Construir | House |
| 18:34 | Crear | Villager (Male) |
| 18:51 | Crear | Villager (Male) |
| 19:06 | Crear | Villager (Male) |
| 19:07 | Crear | Villager (Male) |
| 19:08 | Crear | Villager (Male) |
| 19:17 | Construir | Town Center |
| 19:22 | Crear | Villager (Male) |
| 19:26 | Construir | Farm |
| 19:38 | Crear | Villager (Male) |
| 19:43 | Construir | Farm |
| 19:45 | Construir | Farm |
| 19:48 | Construir | Farm |
| 19:55 | Construir | Farm |
| 19:59 | Investigar | Wheelbarrow |
| 20:00 | Crear | Villager (Male) |
| 20:06 | Crear | Villager (Male) |
| 20:14 | Crear | Villager (Male) |
| 20:22 | Crear | Villager (Male) |
| 20:25 | Construir | Farm |
| 20:28 | Construir | Farm |
| 20:31 | Construir | Farm |
| 20:32 | Crear | Villager (Male) |
| 20:38 | Crear | Villager (Male) |
| 20:43 | Construir | Farm |
| 20:47 | Crear | Villager (Male) |
| 20:56 | Construir | Farm |
| 20:56 | Crear | Villager (Male) |
| 20:59 | Crear | Villager (Male) |
| 21:01 | Construir | Farm |
| 21:06 | Construir | Farm |
| 21:10 | Construir | Farm |
| 21:10 | Crear | Villager (Male) |
| 21:11 | Crear | Villager (Male) |
| 21:24 | Construir | Farm |
| 21:28 | Crear | Villager (Male) |
| 21:29 | Crear | Villager (Male) |
| 21:33 | Crear | Villager (Male) |
| 21:49 | Construir | House |
| 21:51 | Crear | Villager (Male) |
| 21:56 | Construir | Town Center |
| 22:14 | Crear | Villager (Male) |
| 22:16 | Crear | Villager (Male) |
| 22:16 | Crear | Villager (Male) |
| 22:20 | Crear | Villager (Male) |
| 22:31 | Investigar | Hand Cart |
| 22:31 | Crear | Villager (Male) |
| 22:32 | Crear | Villager (Male) |
| 22:33 | Crear | Villager (Male) |
| 22:37 | Construir | House |
| 22:38 | Construir | House |
| 22:38 | Construir | House |
| 22:39 | Construir | House |
| 22:39 | Construir | House |
| 22:39 | Construir | House |
| 22:40 | Construir | House |
| 22:40 | Construir | House |
| 22:42 | Crear | Villager (Male) |
| 23:00 | Crear | Villager (Male) |
| 23:00 | Crear | Villager (Male) |
| 23:01 | Crear | Villager (Male) |
| 23:02 | Crear | Villager (Male) |
| 23:20 | Construir | Town Center |
| 23:22 | Crear | Villager (Male) |
| 23:24 | Crear | Villager (Male) |
| 23:25 | Crear | Villager (Male) |
| 23:26 | Crear | Villager (Male) |
| 23:27 | Crear | Villager (Male) |
| 23:30 | Construir | Farm |
| 23:31 | Construir | Farm |
| 23:32 | Construir | Farm |
| 23:41 | Investigar | Gold Mining |
| 23:43 | Crear | Villager (Male) |
| 23:43 | Crear | Villager (Male) |
Build order — magicmashroom
Primeras 150 de 492 acciones detectadas
| 0:01 | Crear | Villager (Male) |
| 0:02 | Crear | Villager (Male) |
| 0:02 | Crear | Villager (Male) |
| 0:02 | Crear | Villager (Male) |
| 0:02 | Crear | Villager (Male) |
| 0:03 | Construir | House |
| 0:05 | Construir | House |
| 0:29 | Investigar | Loom |
| 0:53 | Investigar | Loom |
| 0:54 | Crear | Villager (Male) |
| 1:29 | Crear | Villager (Male) |
| 1:30 | Crear | Villager (Male) |
| 2:08 | Construir | Palisade Wall |
| 2:31 | Crear | Villager (Male) |
| 2:32 | Crear | Villager (Male) |
| 2:36 | Crear | Villager (Male) |
| 2:58 | Construir | Lumber Camp |
| 3:28 | Crear | Villager (Male) |
| 3:49 | Construir | House |
| 3:57 | Crear | Villager (Male) |
| 4:22 | Crear | Villager (Male) |
| 4:22 | Crear | Villager (Male) |
| 4:57 | Crear | Villager (Male) |
| 5:17 | Crear | Villager (Male) |
| 5:29 | Construir | Mill |
| 5:47 | Crear | Villager (Male) |
| 6:13 | Crear | Villager (Male) |
| 6:15 | Crear | Villager (Male) |
| 6:47 | Construir | Palisade Wall |
| 7:09 | Crear | Villager (Male) |
| 7:10 | Crear | Villager (Male) |
| 7:19 | Construir | House |
| 7:32 | Crear | Villager (Male) |
| 7:35 | Construir | Farm |
| 7:41 | Construir | Farm |
| 8:06 | Crear | Villager (Male) |
| 8:26 | Construir | Farm |
| 8:54 | Construir | Mining Camp |
| 9:34 | Investigar | Feudal Age |
| 9:53 | Construir | Farm |
| 10:20 | Construir | House |
| 11:15 | Crear | Villager (Male) |
| 11:31 | Crear | Villager (Male) |
| 11:44 | Edad | Edad Feudal |
| 11:59 | Construir | Market |
| 12:12 | Crear | Villager (Male) |
| 12:42 | Construir | Mill |
| 12:51 | Construir | Stone Wall |
| 12:56 | Crear | Villager (Male) |
| 12:58 | Crear | Villager (Male) |
| 13:19 | Construir | Stone Wall |
| 13:25 | Crear | Villager (Male) |
| 13:39 | Crear | Villager (Male) |
| 13:51 | Crear | Villager (Male) |
| 13:58 | Construir | Blacksmith |
| 14:21 | Investigar | Castle Age |
| 14:39 | Investigar | Double-Bit Axe |
| 15:08 | Construir | Lumber Camp |
| 15:12 | Crear | Villager (Male) |
| 16:05 | Investigar | Horse Collar |
| 16:11 | Crear | Villager (Male) |
| 16:27 | Crear | Villager (Male) |
| 16:35 | Construir | Lumber Camp |
| 17:19 | Edad | Edad de los Castillos |
| 17:32 | Construir | House |
| 17:37 | Construir | Town Center |
| 17:40 | Crear | Villager (Male) |
| 18:01 | Crear | Villager (Male) |
| 18:07 | Construir | Farm |
| 18:28 | Construir | Town Center |
| 18:42 | Construir | House |
| 18:45 | Crear | Villager (Male) |
| 18:48 | Construir | Farm |
| 18:53 | Investigar | Bow Saw |
| 18:59 | Crear | Villager (Male) |
| 19:00 | Crear | Villager (Male) |
| 19:14 | Crear | Villager (Male) |
| 19:17 | Investigar | Heavy Plow |
| 19:34 | Crear | Villager (Male) |
| 19:40 | Construir | Farm |
| 19:44 | Crear | Villager (Male) |
| 19:44 | Crear | Villager (Male) |
| 19:47 | Construir | Farm |
| 19:52 | Crear | Villager (Male) |
| 19:52 | Crear | Villager (Male) |
| 19:59 | Construir | Farm |
| 20:06 | Construir | Farm |
| 20:11 | Construir | Farm |
| 20:15 | Construir | Farm |
| 20:23 | Construir | House |
| 20:24 | Construir | House |
| 20:26 | Construir | House |
| 20:27 | Construir | House |
| 20:32 | Crear | Villager (Male) |
| 20:34 | Construir | Monastery |
| 20:39 | Construir | Farm |
| 20:44 | Crear | Villager (Male) |
| 20:57 | Construir | Outpost |
| 21:02 | Crear | Monk |
| 21:20 | Construir | Farm |
| 21:23 | Crear | Villager (Male) |
| 21:25 | Crear | Villager (Male) |
| 21:30 | Crear | Villager (Male) |
| 21:32 | Construir | Lumber Camp |
| 21:37 | Construir | Barracks |
| 21:41 | Construir | House |
| 21:42 | Construir | House |
| 21:43 | Construir | House |
| 21:45 | Crear | Villager (Male) |
| 22:43 | Crear | Villager (Male) |
| 22:43 | Crear | Villager (Male) |
| 22:45 | Construir | Farm |
| 22:55 | Crear | Villager (Male) |
| 22:56 | Crear | Villager (Male) |
| 22:56 | Crear | Villager (Male) |
| 22:58 | Construir | Farm |
| 22:59 | Construir | Farm |
| 22:59 | Construir | Farm |
| 22:59 | Construir | Farm |
| 23:14 | Crear | Villager (Male) |
| 23:16 | Construir | Farm |
| 23:27 | Investigar | Gold Mining |
| 23:29 | Crear | Villager (Male) |
| 23:30 | Crear | Trade Cart |
| 23:34 | Crear | Trade Cart |
| 23:37 | Crear | Villager (Male) |
| 23:43 | Construir | Farm |
| 23:46 | Construir | House |
| 23:47 | Construir | House |
| 23:48 | Construir | House |
| 24:04 | Crear | Villager (Male) |
| 24:08 | Crear | Villager (Male) |
| 24:11 | Crear | Villager (Male) |
| 24:18 | Construir | Farm |
| 24:22 | Construir | Farm |
| 24:24 | Construir | Farm |
| 24:29 | Crear | Villager (Male) |
| 24:31 | Crear | Trade Cart |
| 24:34 | Investigar | Gold Shaft Mining |
| 24:41 | Construir | Farm |
| 24:42 | Construir | Farm |
| 24:42 | Construir | Farm |
| 24:42 | Construir | Farm |
| 24:42 | Construir | Farm |
| 24:44 | Crear | Villager (Male) |
| 24:47 | Crear | Villager (Male) |
| 24:56 | Crear | Villager (Male) |
| 25:10 | Construir | University |
| 25:14 | Construir | House |
| 25:15 | Construir | House |
Build order — beta_player
Primeras 150 de 536 acciones detectadas
| 0:02 | Investigar | Loom |
| 0:03 | Crear | Villager (Male) |
| 0:03 | Crear | Villager (Male) |
| 0:03 | Crear | Villager (Male) |
| 0:03 | Crear | Villager (Male) |
| 0:05 | Construir | House |
| 0:07 | Construir | House |
| 1:43 | Crear | Villager (Male) |
| 2:12 | Crear | Villager (Male) |
| 2:17 | Investigar | Loom |
| 2:26 | Crear | Villager (Male) |
| 2:58 | Crear | Villager (Male) |
| 3:21 | Construir | Palisade Wall |
| 3:36 | Construir | Palisade Wall |
| 3:41 | Crear | Villager (Male) |
| 3:41 | Crear | Villager (Male) |
| 3:53 | Construir | Lumber Camp |
| 4:04 | Construir | House |
| 4:06 | Crear | Villager (Male) |
| 4:18 | Crear | Villager (Male) |
| 4:18 | Crear | Villager (Male) |
| 4:39 | Crear | Villager (Male) |
| 4:39 | Crear | Villager (Male) |
| 5:06 | Crear | Villager (Male) |
| 5:42 | Crear | Villager (Male) |
| 6:02 | Construir | House |
| 6:07 | Construir | Palisade Wall |
| 6:19 | Crear | Villager (Male) |
| 6:19 | Crear | Villager (Male) |
| 6:54 | Crear | Villager (Male) |
| 6:55 | Crear | Villager (Male) |
| 7:10 | Crear | Villager (Male) |
| 7:11 | Crear | Villager (Male) |
| 7:24 | Crear | Villager (Male) |
| 7:25 | Crear | Villager (Male) |
| 7:25 | Crear | Villager (Male) |
| 8:00 | Construir | Palisade Wall |
| 8:03 | Crear | Villager (Male) |
| 8:04 | Crear | Villager (Male) |
| 8:09 | Construir | Mill |
| 8:21 | Construir | Palisade Wall |
| 8:23 | Crear | Villager (Male) |
| 8:29 | Crear | Villager (Male) |
| 8:56 | Construir | House |
| 9:11 | Investigar | Feudal Age |
| 9:27 | Construir | House |
| 10:54 | Construir | Mining Camp |
| 11:05 | Construir | Mining Camp |
| 11:21 | Edad | Edad Feudal |
| 11:28 | Construir | Stone Wall |
| 11:29 | Construir | Outpost |
| 11:33 | Crear | Villager (Male) |
| 11:33 | Crear | Villager (Male) |
| 11:49 | Construir | Stone Wall |
| 11:51 | Construir | Outpost |
| 11:55 | Construir | Palisade Wall |
| 11:58 | Crear | Villager (Male) |
| 12:10 | Construir | Market |
| 12:19 | Construir | Blacksmith |
| 12:22 | Crear | Villager (Male) |
| 13:54 | Investigar | Castle Age |
| 14:01 | Construir | Lumber Camp |
| 14:46 | Construir | Mill |
| 15:06 | Construir | House |
| 15:16 | Crear | Villager (Male) |
| 16:20 | Investigar | Double-Bit Axe |
| 16:34 | Edad | Edad de los Castillos |
| 16:36 | Crear | Villager (Male) |
| 16:44 | Construir | Town Center |
| 17:04 | Crear | Villager (Male) |
| 17:06 | Construir | Farm |
| 17:07 | Construir | Farm |
| 17:08 | Construir | Farm |
| 17:09 | Construir | Farm |
| 17:10 | Construir | Farm |
| 17:22 | Crear | Villager (Male) |
| 17:22 | Crear | Villager (Male) |
| 18:11 | Investigar | Town Watch |
| 18:12 | Crear | Villager (Male) |
| 18:12 | Crear | Villager (Male) |
| 18:20 | Construir | Farm |
| 18:21 | Construir | Farm |
| 18:22 | Construir | Farm |
| 18:23 | Construir | Farm |
| 18:25 | Construir | Farm |
| 18:25 | Construir | Farm |
| 18:26 | Construir | Farm |
| 18:27 | Crear | Villager (Male) |
| 18:40 | Crear | Villager (Male) |
| 18:54 | Crear | Villager (Male) |
| 19:03 | Construir | Farm |
| 19:17 | Crear | Villager (Male) |
| 19:19 | Crear | Villager (Male) |
| 19:48 | Crear | Villager (Male) |
| 19:48 | Crear | Villager (Male) |
| 19:51 | Construir | Town Center |
| 20:05 | Construir | Farm |
| 20:09 | Construir | Farm |
| 20:10 | Construir | Farm |
| 20:11 | Construir | Farm |
| 20:15 | Crear | Villager (Male) |
| 20:15 | Crear | Villager (Male) |
| 20:17 | Crear | Villager (Male) |
| 20:19 | Construir | Farm |
| 20:20 | Construir | Farm |
| 20:21 | Construir | Farm |
| 20:22 | Construir | Farm |
| 20:24 | Crear | Villager (Male) |
| 20:24 | Crear | Villager (Male) |
| 20:25 | Crear | Villager (Male) |
| 20:25 | Crear | Villager (Male) |
| 20:34 | Crear | Villager (Male) |
| 20:50 | Construir | House |
| 20:53 | Construir | House |
| 20:55 | Construir | House |
| 20:56 | Crear | Villager (Male) |
| 20:57 | Crear | Villager (Male) |
| 20:57 | Crear | Villager (Male) |
| 20:59 | Construir | Farm |
| 21:00 | Construir | Farm |
| 21:19 | Construir | Farm |
| 21:20 | Construir | Farm |
| 21:22 | Crear | Villager (Male) |
| 21:23 | Crear | Villager (Male) |
| 21:26 | Crear | Villager (Male) |
| 21:30 | Crear | Villager (Male) |
| 21:39 | Investigar | Wheelbarrow |
| 21:44 | Crear | Villager (Male) |
| 21:48 | Construir | Farm |
| 21:50 | Crear | Villager (Male) |
| 21:51 | Crear | Villager (Male) |
| 22:04 | Crear | Villager (Male) |
| 22:05 | Crear | Villager (Male) |
| 22:11 | Construir | Town Center |
| 22:15 | Crear | Villager (Male) |
| 22:15 | Crear | Villager (Male) |
| 22:22 | Crear | Villager (Male) |
| 22:31 | Construir | House |
| 22:33 | Construir | House |
| 22:34 | Construir | House |
| 22:35 | Construir | House |
| 22:38 | Crear | Villager (Male) |
| 22:39 | Crear | Villager (Male) |
| 22:39 | Crear | Villager (Male) |
| 22:41 | Construir | House |
| 22:43 | Construir | House |
| 22:49 | Construir | House |
| 22:51 | Construir | House |
| 22:53 | Crear | Villager (Male) |
| 22:55 | Crear | Villager (Male) |
Build order — Erik the Red
Primeras 150 de 621 acciones detectadas
| 0:03 | Construir | House |
| 0:05 | Construir | House |
| 0:09 | Crear | Villager (Male) |
| 0:09 | Crear | Villager (Male) |
| 0:09 | Crear | Villager (Male) |
| 0:10 | Crear | Villager (Male) |
| 0:10 | Crear | Villager (Male) |
| 1:09 | Crear | Villager (Male) |
| 1:09 | Investigar | Loom |
| 2:02 | Crear | Villager (Male) |
| 2:02 | Crear | Villager (Male) |
| 2:29 | Construir | Palisade Wall |
| 4:05 | Crear | Villager (Male) |
| 4:05 | Crear | Villager (Male) |
| 4:05 | Crear | Villager (Male) |
| 4:06 | Crear | Villager (Male) |
| 5:09 | Construir | Palisade Wall |
| 5:23 | Crear | Villager (Male) |
| 5:23 | Crear | Villager (Male) |
| 6:25 | Crear | Villager (Male) |
| 6:25 | Crear | Villager (Male) |
| 6:25 | Crear | Villager (Male) |
| 6:25 | Crear | Villager (Male) |
| 6:56 | Construir | Lumber Camp |
| 6:58 | Crear | Villager (Male) |
| 6:58 | Crear | Villager (Male) |
| 8:07 | Crear | Villager (Male) |
| 8:07 | Crear | Villager (Male) |
| 8:08 | Crear | Villager (Male) |
| 8:14 | Construir | House |
| 8:37 | Crear | Villager (Male) |
| 8:51 | Crear | Villager (Male) |
| 9:30 | Construir | Mill |
| 9:46 | Construir | Palisade Wall |
| 9:52 | Crear | Villager (Male) |
| 10:08 | Crear | Villager (Male) |
| 10:25 | Construir | House |
| 10:45 | Investigar | Feudal Age |
| 10:46 | Investigar | Feudal Age |
| 11:29 | Construir | Farm |
| 11:30 | Construir | Farm |
| 11:32 | Crear | Villager (Male) |
| 11:32 | Crear | Villager (Male) |
| 12:32 | Crear | Villager (Male) |
| 13:21 | Edad | Edad Feudal |
| 13:25 | Construir | Market |
| 13:31 | Construir | Blacksmith |
| 13:57 | Crear | Villager (Male) |
| 14:16 | Investigar | Wheelbarrow |
| 14:21 | Construir | Mining Camp |
| 14:26 | Crear | Villager (Male) |
| 15:11 | Investigar | Double-Bit Axe |
| 15:14 | Investigar | Horse Collar |
| 15:15 | Crear | Villager (Male) |
| 16:15 | Construir | Farm |
| 16:16 | Construir | Farm |
| 16:20 | Construir | Farm |
| 16:23 | Construir | House |
| 16:29 | Crear | Villager (Male) |
| 17:17 | Construir | Farm |
| 17:40 | Construir | Farm |
| 17:42 | Crear | Villager (Male) |
| 18:15 | Investigar | Castle Age |
| 18:15 | Investigar | Castle Age |
| 18:49 | Construir | House |
| 18:50 | Construir | House |
| 18:51 | Construir | House |
| 18:57 | Crear | Villager (Male) |
| 18:57 | Crear | Villager (Male) |
| 19:21 | Construir | Farm |
| 20:24 | Construir | Farm |
| 20:24 | Construir | Farm |
| 20:55 | Edad | Edad de los Castillos |
| 20:57 | Construir | Town Center |
| 21:01 | Construir | Town Center |
| 21:14 | Construir | Town Center |
| 21:24 | Construir | House |
| 21:38 | Construir | Farm |
| 21:40 | Crear | Villager (Male) |
| 21:58 | Investigar | Bow Saw |
| 21:58 | Investigar | Bow Saw |
| 22:31 | Construir | Farm |
| 22:31 | Construir | Farm |
| 22:32 | Crear | Villager (Male) |
| 22:33 | Crear | Villager (Male) |
| 22:38 | Crear | Villager (Male) |
| 22:39 | Crear | Villager (Male) |
| 22:39 | Crear | Villager (Male) |
| 22:39 | Crear | Villager (Male) |
| 22:40 | Crear | Villager (Male) |
| 22:40 | Crear | Villager (Male) |
| 22:51 | Crear | Villager (Male) |
| 22:52 | Crear | Villager (Male) |
| 22:53 | Crear | Villager (Male) |
| 23:11 | Crear | Villager (Male) |
| 23:11 | Crear | Villager (Male) |
| 23:16 | Construir | House |
| 23:17 | Construir | House |
| 23:19 | Crear | Villager (Male) |
| 23:19 | Crear | Villager (Male) |
| 23:25 | Construir | Farm |
| 23:25 | Construir | Farm |
| 23:27 | Construir | Farm |
| 23:28 | Crear | Villager (Male) |
| 23:28 | Crear | Villager (Male) |
| 23:47 | Crear | Villager (Male) |
| 23:47 | Crear | Villager (Male) |
| 23:50 | Construir | Farm |
| 23:53 | Construir | Farm |
| 23:53 | Crear | Villager (Male) |
| 23:53 | Crear | Villager (Male) |
| 24:02 | Construir | Farm |
| 24:03 | Construir | Farm |
| 24:06 | Construir | Farm |
| 24:08 | Construir | Farm |
| 24:13 | Crear | Villager (Male) |
| 24:14 | Crear | Villager (Male) |
| 24:14 | Crear | Villager (Male) |
| 24:19 | Construir | Farm |
| 24:20 | Crear | Villager (Male) |
| 24:21 | Crear | Villager (Male) |
| 24:33 | Construir | Farm |
| 24:34 | Construir | Farm |
| 24:35 | Crear | Villager (Male) |
| 24:40 | Crear | Villager (Male) |
| 24:40 | Crear | Villager (Male) |
| 24:49 | Crear | Villager (Male) |
| 25:03 | Crear | Villager (Male) |
| 25:03 | Crear | Villager (Male) |
| 25:10 | Construir | Farm |
| 25:11 | Construir | Farm |
| 25:12 | Construir | Farm |
| 25:15 | Construir | Farm |
| 25:16 | Crear | Villager (Male) |
| 25:16 | Crear | Villager (Male) |
| 25:17 | Crear | Villager (Male) |
| 25:17 | Crear | Villager (Male) |
| 25:34 | Construir | Stone Wall |
| 25:37 | Crear | Villager (Male) |
| 25:37 | Crear | Villager (Male) |
| 25:40 | Crear | Villager (Male) |
| 25:40 | Crear | Villager (Male) |
| 25:42 | Construir | Farm |
| 25:45 | Crear | Villager (Male) |
| 25:46 | Crear | Villager (Male) |
| 25:53 | Construir | Lumber Camp |
| 25:55 | Crear | Villager (Male) |
| 25:55 | Crear | Villager (Male) |
| 25:59 | Construir | Farm |
| 26:02 | Crear | Villager (Male) |
Cronología de la partida
| 1:32 | Kenaidian · wall_segment Palisade Wall x8 |
| 1:45 | Kenaidian · wall_segment Palisade Wall x1 |
| 2:08 | magicmashroom · wall_segment Palisade Wall x12 |
| 2:29 | Erik the Red · wall_segment Palisade Wall x8 |
| 2:45 | Kenaidian · wall_segment Palisade Wall x7 |
| 3:21 | beta_player · wall_segment Palisade Wall x8 |
| 3:36 | beta_player · wall_segment Palisade Wall x1 |
| 5:09 | Erik the Red · wall_segment Palisade Wall x8 |
| 5:26 | Gowron · wall_segment Palisade Wall x9 |
| 5:53 | Kenaidian · wall_segment Palisade Wall x1 |
| 6:07 | beta_player · wall_segment Palisade Wall x11 |
| 6:10 | Kenaidian · wall_segment Palisade Wall x1 |
| 6:47 | magicmashroom · wall_segment Palisade Wall x1 |
| 8:00 | beta_player · wall_segment Palisade Wall x9 |
| 8:21 | beta_player · wall_segment Palisade Wall x12 |
| 9:46 | Erik the Red · wall_segment Palisade Wall x10 |
| 10:09 | Rado the Yellow · age_up feudal |
| 11:21 | beta_player · age_up feudal |
| 11:28 | beta_player · wall_segment Stone Wall x12 |
| 11:34 | elti · age_up feudal |
| 11:36 | Gowron · age_up feudal |
| 11:44 | magicmashroom · age_up feudal |
| 11:49 | beta_player · wall_segment Stone Wall x10 |
| 11:55 | beta_player · wall_segment Palisade Wall x1 |
| 12:13 | Gockelfick · age_up feudal |
| 12:23 | Kenaidian · age_up feudal |
| 12:32 | Kenaidian · wall_segment Stone Wall x3 |
| 12:38 | Kenaidian · wall_segment Stone Wall x9 |
| 12:44 | Gowron · wall_segment Stone Wall x10 |
| 12:51 | magicmashroom · wall_segment Stone Wall x8 |
| 13:01 | Kenaidian · wall_segment Stone Wall x7 |
| 13:16 | Gockelfick · first_market_sell 100 food |
| 13:19 | magicmashroom · wall_segment Stone Wall x10 |
| 13:21 | Erik the Red · age_up feudal |
| 13:53 | beta_player · first_market_sell 100 food |
| 13:57 | Rado the Yellow · age_up castle |
| 14:58 | Kenaidian · wall_segment Stone Wall x2 |
| 14:59 | Kenaidian · wall_segment Stone Wall x1 |
| 15:09 | elti · age_up castle |
| 15:33 | Gowron · age_up castle |
| 15:34 | Gowron · first_market_buy 100 stone |
| 15:59 | Gockelfick · age_up castle |
| 16:08 | Kenaidian · first_market_buy 100 wood |
| 16:28 | Rado the Yellow · first_market_buy 100 food |
| 16:34 | beta_player · age_up castle |
| 17:19 | magicmashroom · age_up castle |
| 17:21 | Kenaidian · age_up castle |
| 18:26 | magicmashroom · first_market_buy 100 stone |
| 19:47 | Gowron · first_building Monastery |
| 19:53 | elti · first_market_buy 100 stone |
| 19:58 | Erik the Red · first_market_buy 100 stone |
| 20:20 | Kenaidian · first_building Monastery |
| 20:34 | magicmashroom · first_building Monastery |
| 20:55 | Erik the Red · age_up castle |
| 21:37 | magicmashroom · first_building Barracks |
| 22:36 | Gowron · first_market_sell 100 stone |
| 23:02 | Gowron · first_building Barracks |
| 23:04 | Kenaidian · first_building Castle |
| 23:33 | Gockelfick · first_building Monastery |
| 23:51 | Gowron · first_building Siege Workshop |
| 23:55 | Rado the Yellow · first_building Monastery |
| 24:25 | elti · first_building Monastery |
| 24:55 | Gowron · first_building Castle |
| 25:29 | magicmashroom · first_building Stable |
| 25:34 | Erik the Red · wall_segment Stone Wall x11 |
| 25:37 | elti · first_market_sell 100 food |
| 26:14 | magicmashroom · first_building Siege Workshop |
| 26:43 | elti · first_building Castle |
| 26:54 | Kenaidian · first_building Siege Workshop |
| 27:30 | magicmashroom · first_market_sell 100 wood |
| 27:49 | Rado the Yellow · first_building Siege Workshop |
| 27:58 | Kenaidian · first_building Barracks |
| 28:08 | beta_player · first_building Monastery |
| 28:13 | Gockelfick · first_building Castle |
| 28:26 | elti · first_building Barracks |
| 28:31 | Rado the Yellow · first_building Barracks |
| 28:32 | Gockelfick · first_building Barracks |
| 28:33 | Gowron · first_building Stable |
| 28:47 | beta_player · first_building Barracks |
| 28:51 | Kenaidian · first_building Stable |
| 29:06 | Rado the Yellow · first_building Castle |
| 29:08 | Gockelfick · first_building Stable |
| 29:16 | Erik the Red · first_building Monastery |
| 29:24 | Gockelfick · first_building Siege Workshop |
| 29:32 | elti · age_up imperial |
| 30:09 | beta_player · first_building Castle |
| 30:13 | Erik the Red · first_building Barracks |
| 30:33 | Kenaidian · age_up imperial |
| 30:40 | Rado the Yellow · age_up imperial |
| 30:43 | magicmashroom · age_up imperial |
| 31:03 | Erik the Red · first_building Castle |
| 31:09 | Erik the Red · first_building Archery Range |
| 31:22 | magicmashroom · first_building Castle |
| 31:26 | Gockelfick · age_up imperial |
| 31:35 | Kenaidian · first_market_sell 100 food |
| 31:38 | elti · first_building Siege Workshop |
| 31:47 | Gowron · age_up imperial |
| 32:19 | beta_player · first_building Stable |
| 32:54 | beta_player · wall_segment Stone Wall x11 |
| 33:42 | Erik the Red · age_up imperial |
| 34:06 | beta_player · age_up imperial |
| 34:11 | beta_player · wall_segment Stone Wall x13 |
| 37:55 | magicmashroom · wall_segment Palisade Wall x9 |
| 39:48 | Erik the Red · first_building Siege Workshop |
| 41:09 | beta_player · first_building Siege Workshop |
| 41:33 | magicmashroom · first_building Archery Range |
| 42:48 | magicmashroom · wall_segment Stone Wall x8 |
| 43:19 | Gockelfick · first_market_buy 100 stone |
| 45:26 | magicmashroom · wall_segment Stone Wall x2 |
| 47:03 | Gowron · resign |
[ ANÁLISIS IA · 1 CRÉDITO ]
¿Qué pasó realmente en esta partida?
Wolo.gg analiza cada decisión: build order, eco, micro, errores típicos por bracket. Análisis personalizado por WhatsApp o Discord en 30 segundos.
Guía civ
Japoneses
Perfil
Jugador #907992